Cogmind - Beta 11.1 @@@ ROGUE MODE // 2022.09.23 @ 15:47:59 Player: ClassActJerk Result: Destroyed by G-34 Mercenary with Small Laser Performance ------------- Evolutions (1) 500 Regions Visited (2) 400 Robots Destroyed (20) 100 Value Destroyed (565) 565 Prototype IDs (1) 20 Alien Tech Used (0) 0 Bonus (0) 0 TOTAL SCORE: 1585 Bonus ------- None Cogmind --------- Core Integrity 0/400 Matter 263/300 Energy 27/100 System Corruption 0% Temperature Warm (157) Movement Walking (190) Ox1 Location -9/Materials Parts ------- > --- POWER (1) -------- (None) > --- PROPULSION (2) --- Aluminum Leg Aluminum Leg > --- UTILITY (4) ------ Large Storage Unit Signal Interpreter > --- WEAPON (2) ------- Beam Rifle Light Assault Rifle > --- INVENTORY (15) --- Light EM Pulse Cannon Improved Light Cannon Peak State ------------ > --- POWER ------------ Improved Ion Engine > --- PROPULSION ------- Flight Unit Improved Flight Unit > --- UTILITY ---------- Large Storage Unit Signal Interpreter ECM Suite > --- WEAPON ----------- Light EM Pulse Cannon Light Assault Rifle > --- INVENTORY -------- Aluminum Leg Aluminum Leg Aluminum Leg Beam Rifle [Rating: 12] Favorites ----------- Power Ion Engine Engine Ion Engine Propulsion Aluminum Leg Leg Aluminum Leg Flight Unit Flight Unit Utility Large Storage Unit Device ECM Suite Storage Large Storage Unit Processor Signal Interpreter Weapon Light Assault Rifle Energy Gun Beam Rifle Energy Cannon Light EM Pulse Cannon Ballistic Gun Light Assault Rifle Build | -11 -10 -9 ------- Run | Scr Mat Mat Slots Evolved 2 | . . 2 Power . | . . . Propulsion . | . . . Utility 2 | . . 2 Weapon . | . . . Parts Attached 33 | 6 3 24 Power 6 | 1 . 5 Engine 6 | 1 . 5 Core . | . . . Reactor . | . . . Propulsion 11 | 2 . 9 Treads . | . . . Leg 7 | 2 . 5 Wheel . | . . . Hover . | . . . Flight 4 | . . 4 Utility 8 | 1 3 4 Device 2 | . . 2 Storage 5 | 1 3 1 Processor 1 | . . 1 Hackware . | . . . Protection . | . . . Artifact . | . . . Weapon 8 | 2 . 6 Energy Gun 3 | . . 3 Energy Cannon 1 | . . 1 Ballistic Gun 4 | 2 . 2 Ballistic Cannon . | . . . Launcher . | . . . Special Weapon . | . . . Impact Weapon . | . . . Slashing Weapon . | . . . Piercing Weapon . | . . . Special Melee Weapon . | . . . Unidentified Prototypes 1 | . . 1 Parts Lost 19 | . . 19 Power 5 | . . 5 Propulsion 6 | . . 6 Utility 4 | . . 4 Weapon 4 | . . 4 Highest Loss Streak 5 | . . 5 To Critical Strikes . | . . . Average Slot Usage (%) 84 | . 98 82 Engine 10 | . 14 10 Leg 13 | . 28 10 Flight 7 | . . 8 Device 7 | . . 9 Storage 17 | . 26 15 Processor 7 | . . 8 Energy Gun 3 | . . 4 Ballistic Gun 15 | . 28 13 Naked Turns . | . . . Heaviest Build 34 | 13 30 34 Greatest Support 20 | 20 20 20 Greatest Overweight (x) 9 | . 1 9 Average Overweight (x) 1 | . . 2 Largest Inventory Capacity 15 | 8 15 15 Average Capacity 14 | 7 11 15 Most Carried 7 | 4 5 7 Average Carried 3 | 1 3 3 Final Capacity 15 | 8 15 15 Final Carried 5 | 2 5 2 Class Distribution -------------------- 77% | Mutant 22% | Scavenger-Mutant Dominant Class ---------------- Mutant | -10/Materials Mutant | -9/Materials Resources | -11 -10 -9 ----------- Run | Scr Mat Mat Matter Collected 605 | 203 77 325 Remotely . | . . . Salvage Created 754 | . 77 677 Parts 45 | . 5 40 Haulers Intercepted . | . . . Recyclers Shooed 1 | . . 1 Parts Field Recycled . | . . . Retrieved Matter . | . . . Parts Self-Destructed . | . . . Prevented . | . . . Kills | -11 -10 -9 ------- Run | Scr Mat Mat Combat Hostiles Destroyed 18 | . 2 16 Guns 17 | . 2 15 Cannons 1 | . . 1 Classes Destroyed 5 | . 1 4 Mechanic 1 | . . 1 Watcher 1 | . . 1 Swarmer 6 | . . 6 Grunt 7 | . 2 5 Sentry 5 | . . 5 Best Kill Streak 4 | . 1 4 Combat Bots Only 4 | . 1 4 Max Kills in Single Turn 1 | . 1 1 Gunslinging . | . . . Exploded . | . . . Melee . | . . . Uniques/NPCs Destroyed . | . . . Combat | -11 -10 -9 -------- Run | Scr Mat Mat Damage Taken 1811 | . 55 1756 Core 417 | . 10 407 Absorbed by Shields . | . . . Core Remaining (%) 98 | 100 96 . Volleys Fired 87 | 1 6 80 Largest 2 | 2 2 2 Hottest 76 | 40 40 76 Shots Fired 147 | 2 12 133 Gun 143 | 2 12 129 Cannon 4 | . . 4 Launcher . | . . . Special . | . . . Kinetic 112 | 2 12 98 Thermal 31 | . . 31 Explosive . | . . . Electromagnetic 4 | . . 4 Robot Hit Streak 11 | . 6 11 Robot Miss Streak 3 | . 1 3 Penetration Max . | . . . Secondary Targets 1 | . . 1 Max Gunslinging Chain 1 | . . 1 Shots Hit Robots 97 | . 9 88 Core Hits 40 | . 5 35 Critical Kills 1 | . . 1 Critical Parts Destroyed . | . . . Critical Strikes 2 | . . 2 Burn 1 | . . 1 Destroy 1 | . . 1 Melee Attacks . | . . . Impact . | . . . Slashing . | . . . Piercing . | . . . Sneak Attacks . | . . . Combat Hostiles . | . . . Follow-up Attacks . | . . . Damage Inflicted 1013 | . 105 908 Guns 969 | . 105 864 Cannons 44 | . . 44 Explosions . | . . . Melee . | . . . Ramming . | . . . Kinetic 710 | . 105 605 Thermal 259 | . . 259 Explosive . | . . . Electromagnetic 44 | . . 44 Impact . | . . . Slashing . | . . . Piercing . | . . . Highest Corruption . | . . . Average Corruption . | . . . Corruption Purged . | . . . Corruption Blocked . | . . . Overload Shots . | . . . Overflow Damage . | . . . Projectiles . | . . . Explosions . | . . . Melee . | . . . Knockbacks . | . . . Impact . | . . . Kinetic . | . . . Secondary . | . . . Self-Inflicted Damage . | . . . Shots . | . . . Rammed . | . . . Targets Rammed . | . . . Kicked . | . . . Crushed . | . . . Highest Temperature 177 | . 6 177 Average Temperature 57 | . 6 59 Received Heat Transfer 711 | . 30 681 Siege Activations . | . . . Robots Corrupted . | . . . Combat Hostiles . | . . . Parts Fried . | . . . Impact Corruptions . | . . . Robots Melted . | . . . Combat Hostiles . | . . . Parts Melted 1 | . . 1 Heat Transferred 706 | . . 706 Parts Sabotaged . | . . . Parts Stolen . | . . . Parts Stripped . | . . . Power Chain Reactions . | . . . Missiles Intercepted . | . . . Alert | -11 -10 -9 ------- Run | Scr Mat Mat Peak Influence 237 | . 90 237 Initial 37 | . . 37 Average 67 | . 30 78 Maximum Alert Level 1 | . . 1 Low Security (%) 96 | 100 100 95 Level 1 3 | . . 4 Level 2 . | . . . Level 3 . | . . . Level 4 . | . . . Level 5 . | . . . High Security . | . . . Max Security . | . . . Squads Dispatched 4 | . 3 1 Investigation 1 | . 1 . Extermination . | . . . Reinforcement 3 | . 2 1 Assault . | . . . Garrison . | . . . Intercept . | . . . Searches Triggered . | . . . Construction Impeded . | . . . Haulers Reinforced . | . . . Active Scanning Responses . | . . . Cargo Convoy Interrupts . | . . . Stealth | -11 -10 -9 --------- Run | Scr Mat Mat Distress Signals 2 | . 1 1 Communications Jammed . | . . . Distress Signals . | . . . Times Spotted 37 | . 6 31 Peak Tracking Total 5 | . 2 5 Tactical Retreats 6 | . . 6 Traps | -11 -10 -9 ------- Run | Scr Mat Mat Traps Triggered 1 | . 1 . Indirectly . | . . . Trap Hack Attempts . | . . . Triggered . | . . . Disarmed . | . . . Reprogrammed . | . . . Reused . | . . . Traps Extracted . | . . . Installed . | . . . Triggered . | . . . Machines | -11 -10 -9 ---------- Run | Scr Mat Mat Machines Disabled . | . . . Max in Single Turn . | . . . Machines Sabotaged . | . . . Garrisons Compromised . | . . . Overloaded Fab Kills . | . . . Hacking | -11 -10 -9 --------- Run | Scr Mat Mat Machines Accessed . | . . . Terminals . | . . . Fabricators . | . . . Repair Stations . | . . . Recycling Units . | . . . Scanalyzers . | . . . Garrison Access . | . . . Total Hacks . | . . . Successful . | . . . Failed . | . . . Catastrophic . | . . . Database Lockouts . | . . . Manual . | . . . Terminals . | . . . Fabricators . | . . . Repair Stations . | . . . Recycling Units . | . . . Scanalyzers . | . . . Garrison Access . | . . . Terminal Hacks . | . . . Fabricator Hacks . | . . . Repair Station Hacks . | . . . Recycling Unit Hacks . | . . . Scanalyzer . | . . . Garrison Access Hacks . | . . . Unauthorized Hacks . | . . . Terminals . | . . . Fabricators . | . . . Repair Stations . | . . . Recycling Units . | . . . Scanalyzers . | . . . Garrison Access . | . . . Data Cores Recovered . | . . . Used . | . . . Hacking Detections . | . . . Full Trace Events . | . . . Feedback Events . | . . . Feedback Blocked . | . . . Robot Schematics Acquired . | . . . Robots Built . | . . . Authchips . | . . . Time . | . . . Total Robot Build Rating . | . . . Part Schematics Acquired . | . . . Parts Built . | . . . Authchips . | . . . Time . | . . . Total Part Build Rating . | . . . Parts Repaired . | . . . Time . | . . . Parts Recycled . | . . . Recycled Matter . | . . . Retrieved Matter . | . . . Retrieved Components . | . . . Parts Scanalyzed . | . . . Part Schematics Acquired . | . . . Parts Damaged . | . . . Bothacking | -11 -10 -9 ------------ Run | Scr Mat Mat Used RIF Installer . | . . . Robots Hacked . | . . . Non-combat . | . . . Combat . | . . . Robot Hacks Applied . | . . . Relay Couplers Released . | . . . Fabnet Peak Effective % . | . . . Robots Rewired . | . . . Allies Hacked . | . . . Hacks Repelled . | . . . Allies | -11 -10 -9 -------- Run | Scr Mat Mat Total Allies . | . . . Largest Group . | . . . Highest-Rated Group . | . . . Highest-Rated Ally . | . . . Total Orders . | . . . Ally Attacks . | . . . Total Damage . | . . . Kills . | . . . Allies Corrupted . | . . . Allies Melted . | . . . Intel | -11 -10 -9 ------- Run | Scr Mat Mat Robot Analysis Total . | . . . Derelict Logs Recovered . | . . . Drone Launches . | . . . Drone Recoveries . | . . . Exploration | -11 -10 -9 ------------- Run | Scr Mat Mat Turns Passed 2370 | 114 357 1899 Spaces Moved 846 | 84 216 546 Core 19 | 4 . 15 Treads . | . . . Legs 602 | 80 216 306 Wheels . | . . . Hover . | . . . Flight 225 | . . 225 Fastest Speed 50 | 50 120 187 Average Speed 201 | 116 141 237 Slowest Speed 600 | 120 190 600 Overloaded Moves . | . . . Propulsion Burnouts . | . . . Robots Hopped . | . . . Cave-ins Triggered . | . . . Exploration Rate (%) 29 | 4 37 48 Regions Visited 2 Branch Regions . Pre-discovered Areas . | . . . Known Exits Taken . | . . . Unknown Exits Taken 2 | 1 1 . Scrap Searched . | . . . Spaces Dug . | . . . Terrain Destroyed . | . . . Melee . | . . . Projectile . | . . . AOE . | . . . Terrain Rammed . | . . . Walls Destroyed . | . . . Machines Disabled . | . . . Actions | -11 -10 -9 --------- Run | Scr Mat Mat Total 1385 | 98 257 1030 Wait 380 | . 25 355 Move 844 | 83 215 546 Hop . | . . . Pick Up 33 | 8 6 19 Fast Attach . | . . . Attach 29 | 6 1 22 Detach 2 | . . 2 Swap 4 | . 2 2 Drop 6 | . 2 4 Fire 87 | 1 6 80 Melee . | . . . Ram . | . . . Kick . | . . . Crush . | . . . Escape Stasis . | . . . Rewire . | . . . Trap . | . . . Miscellaneous . | . . . Route ------- -11/Scrapyard -10/Materials (discovered 2 exits: *Mat / [*Min]) -9/Materials (discovered 1 exit: *Min) History --------- Turn | Location | Event 8 | -11/Scrapyard | Discovered new exit (range 15) 115 | -11/Scrapyard | Entered Materials 165 | -10/Materials | Discovered new exit (range 13) 314 | -10/Materials | Build established: Mutant 420 | -10/Materials | Discovered new exit (range 11) 472 | -10/Materials | Entered another Materials area 472 | -9/Materials | Evolved 2 slots: Utility x2 1012 | -9/Materials | Lost 3 parts (1p1n1w) 1053 | -9/Materials | Lost 3 parts (1n1u1w) 1472 | -9/Materials | Build established: Scavenger-Mutant 1715 | -9/Materials | Core integrity fell below 50% 1815 | -9/Materials | Discovered new exit (range 15) 1863 | -9/Materials | Identified exit to Mines 2011 | -9/Materials | Build established: Mutant 2343 | -9/Materials | Core integrity fell below 20% 2371 | -9/Materials | Destroyed by G-34 Mercenary with Small Laser Last Messages --------------- 02190_ G-34 Mercenary destroyed. 02193_ Acquired 10 matter. 02201_ Acquired Imp. Light Cannon. 02212_ K-01 Serf collects debris. 02213_ Dropped Aluminum Leg. 02214_ Acquired Aluminum Leg. 02219_ K-01 Serf collects debris. 02234_ R-06 Scavenger collects Sml. Laser. 02237_ R-06 Scavenger collects Aluminum Leg. 02241_ R-06 Scavenger collects Heat Sink. 02244_ R-06 Scavenger collects Aluminum Leg. 02321_ W-16 Scout sends out distress signal. 02336_ Flight Unit destroyed. 02339_ W-16 Scout destroyed. 02344_ Imp. Flight Unit destroyed. 02346_ Imp. Ion Engine destroyed. 02351_ R-06 Scavenger collects Sensor Array. 02360_ Lgt. Ion Engine destroyed. 02360_ ECM Suite destroyed. 02362_ R-06 Scavenger collects Visual Processing Unit. Map ----- +----------------------------------------------------+ | ???????????????????????# | | ???????????????????????# ###+ | | ???????????????????????## ## | | ????????????????????????# ## "" | | ???????????????########## ## "" | | ???###########?# # ## "" | | ???# #?# """ # ## "" | | ???# #?# """ + + "" | | ???# """"" #?# """ # ## | | ???# """"" #?# ###### | | ???#^ """"" #?# " "" #????#### | | ???#^ #?# "R"" #?????# | | ???# #?# """ #?????# " | | ???# %= #?# #?????# " | | #########+######/########?????# " | | # ?# #????????????# | | # # u##### #?????????????? | | #!!! # #???#!#??????????????? | | #!!! + #???#+#??????????????? | | #!! # #??? ??????????????? | | # # #??? ??????????????? | | ?#####?# #?? !!! ????????????? | | ???????# #?? !! ????????????? | | ???????# #?# !! ???????????? | | ???????# #?# ""????????????? | | ???????#@ #?# """???????????? | | ???????# * #?# ! """???????????? | | ???????# % #?# ?????????????? | | ???????# gg#?#####/?????????????? | | ???????# ?????? ?????????????? | | ???????+ ????? ?????????????? | | ???????# ???? ?????????????? | | ???????# ?????????????????? | | ???????# ????????????????? | | ???????# r ????????????????? | | ???????# ???????????????? | | ???????? ??????????????? | | ???????? ??????????????? | | ???????? ????????????????? | | ???????? ???????????????????? | | ???????? ?????????????????????? | | ????????????????????????????????? | | ????????????????????????????????? | | ????????????????????????????????? | | ????????????????????????????????? | | ????????????????????????????????? | | ????????????????????????????????? | | ????????????????????????????????? | | ????????????????????????????????? | | ????????????????????????????????? | +----------------------------------------------------+ Best States ------------- Heat Dissipation 28 Energy Generation 12 Energy Capacity 400 Matter Stores 300 Matter Capacity 300 Sight Range 16 Terrain Scan Range 14 Terrain Scan Density 10 ECM Strength 1 Evasion (%) 55 Item Schematics ----------------- None Robot Schematics ------------------ None Fabricated ------------ Nothing Alien Tech Used ----------------- None Achievements -------------- None Challenges ------------ None Game ------ Seed ThiefPowerAmplifier Manual? 0 Play Time 00:15:55 Cumulative 11.5 hours Start 2022.09.23 @ 15:34:46 End 2022.09.23 @ 15:47:59 Sessions 1 Manual Loads 0 Difficulty Rogue Special Mode None Game No. 33 Rogue 33 Adventurer 0 Explorer 0 Win Type - Total 0 Types 0/0/0/0/0/0/0/0/0 Lore% 8 Gallery% 17 Achievement% 14 Wizard Run 0 Options --------- ASCII 0 Keyboard 0 Movement Mouse Keybinds 0 Fullscreen 1 Font 24/Crisp Map View 76x50 Tactical HUD 1 Map Filters NONE Filters NONE Steam 1 RUN: 2d54a2f3-07f3-45d7-9afb-9acfb323c404